 Dungeon Crawl Stone Soup version 0.28.0-53-g5a82cb258f (webtiles) character file.

Game seed: 7960448974059642855

27 nickcage the Digger (level 2, -2/15 HPs)
             Began as a Deep Elf Earth Elementalist on May 20, 2022.
             Slain by Terence
             ... wielding a +0 trident
              (11 damage)
             ... on level 2 of the Dungeon.
             The game lasted 00:02:31 (933 turns).

nickcage the Digger (Deep Elf Earth Elementalist)    Turns: 933, Time: 00:02:32

Health: -2/15      AC:  2    Str:  5    XL:     2   Next: 93%
Magic:  4/8        EV: 12    Int: 19    God:
Gold:   42         SH:  0    Dex: 15    Spells: 4/7 levels left

rFire   . . .      SeeInvis +   f - +0 long sword
rCold   . . .      Faith    .   (no shield)
rNeg    . . .      Spirit   .   b - +0 robe
rPois   .          Reflect  .   (no helmet)
rElec   .          Harm     .   (no cloak)
rCorr   .          Rampage  .   (no gloves)
Will    .....                   (no boots)
Stlth   ++........              (no amulet)
HPRegen 0.05/turn               d - ring of see invisible
MPRegen 0.11/turn               (no ring)

@: no status effects
A: no striking features
a: no special abilities


You were on level 2 of the Dungeon.
You visited 1 branch of the dungeon, and saw 2 of its levels.

You collected 42 gold pieces.

Inventory:

Hand Weapons
 a - a +0 club
 f - a +0 long sword (weapon)
Missiles
 c - 103 stones
Armour
 b - a +0 robe (worn)
Jewellery
 d - a ring of see invisible (left hand)
Scrolls
 e - a scroll of enchant weapon {unknown}
 g - 2 scrolls of teleportation {unknown}
 h - a scroll of vulnerability {unknown}
 j - a scroll of fear {unknown}
Potions
 i - a potion of mutation {unknown}


   Skills:
 - Level 2.4 Dodging
 - Level 2.4 Stealth
 - Level 3.0 Spellcasting
 * Level 1.8 Transmutations
 + Level 4.3 Earth Magic


You had 4 spell levels left.
You knew the following spells:

 Your Spells              Type           Power      Damage    Failure   Level
a - Sandblast             Erth           38%        2d10      2%          1
b - Passwall              Tmut/Erth      11%        N/A       6%          2

Your spell library contained the following spells:

 Spells                   Type           Power      Damage    Failure   Level
 Stone Arrow              Conj/Erth      22%        3d8       19%         3
 Petrify                  Tmut/Erth      14%        N/A       38%         4


Dungeon Overview and Level Annotations

Branches:
Dungeon (2/15)

Altars:

Shops:
D:2 !

Annotations:
D:2 Terence


Message History

The goblin is heavily wounded.
The goblin hits you with a +0 dagger. The goblin hits you but does no damage.
You hit the goblin but do no damage.
The goblin is heavily wounded.
The goblin hits you with a +0 dagger.
You closely miss the goblin.
The goblin is heavily wounded.
The goblin closely misses you. The goblin hits you with a +0 dagger.
You barely miss the goblin.
The goblin is heavily wounded.
The goblin hits you with a +0 dagger.
You hit the goblin.
You kill the goblin!
You can't see any susceptible monsters within range! (Use Z to cast anyway.) HP restored.
Things that are here:
a +0 dagger; a goblin corpse You see here a ball python corpse.
j - a scroll labelled NYUCSORAEL You open the door.
There is an open door here.
Found 17 sling bullets.
Found Wutih's Distillery.
You now have 38 gold pieces (gained 9).
There is an entrance to Wutih's Distillery here.
You now have 42 gold pieces (gained 4).
Terence the Incautious comes into view.
He is wielding a +0 trident.
Terence shouts!
The blast of sand hits Terence!
Terence is moderately wounded.
The blast of sand hits Terence but does no damage.
Terence is moderately wounded.
Terence says, "How do you enjoy it?"
Terence hits you from afar with a +0 trident.
The blast of sand hits Terence!
Terence is severely wounded.
Terence hits you from afar with a +0 trident.
The blast of sand misses Terence.
Terence hits you from afar with a +0 trident!
Ouch! That really hurt!
You die...

P♣♣######
P.......###########
♣................
♣....@.#..######.
♣...@..##..### .#
#......##....####.#
#.........∩....(...#
#...###....##......#
.... ###..##......#
#.. ####..........#
## #..............#
#.............##


You could see Terence.

Vanquished Creatures
  A gnoll (D:1)
  2 giant cockroaches (D:1)
  2 goblins
  A hobgoblin (D:1)
  2 jackals (D:1)
  4 ball pythons
  5 bats (D:1)
  A kobold (D:1)
18 creatures vanquished.

Notes
Turn   | Place    | Note
-------+----------+-------------------------------------------
     0 | D:1      | nickcage the Deep Elf Earth Elementalist began the quest
                  | for the Orb.
     0 | D:1      | Reached XP level 1. HP: 10/10 MP: 6/6
   221 | D:1      | Reached XP level 2. HP: 10/15 MP: 6/8
   561 | D:1      | Reached skill level 4 in Earth Magic
   763 | D:1      | Learned a level 2 spell: Passwall
   910 | D:2      | Found Wutih's Distillery.
   927 | D:2      | Noticed Terence
   933 | D:2      | Slain by Terence

Illustrated notes

Levels and vault maps discovered:
D:1:      minmay_arrival_four_houses, layout_rooms
D:2:      layout_basic, serial_forest, infiniplex_forest_lined_2,
          infiniplex_forest_end_3, infiniplex_forest_lined_room_,
          infiniplex_forest_end_double, infiniplex_forest_end_3,
          infiniplex_forest_join, infiniplex_forest_corner_2,
          infiniplex_forest_clump_small, infiniplex_forest_3_way,
          infiniplex_forest_lined_1, serial_shops, nicolae_square_shop,
          nicolae_concentric_dashed_squares_mild, item_on_display_a,
          uniq_terence, uniq_sigmund

Skill      XL: |  1  2 |
---------------+-------+-----
Earth Magic    | 4 |  4.3
Dodging        | |  2.4
Stealth        | |  2.4
Spellcasting   | |  3.0
Transmutations | |  1.8

Action                   || total
-------------------------++-------
Melee: Club              ||     8
       Long sword        ||    15
 Cast: Sandblast         ||    22
 Stab: Sleeping          ||     2
Armor: Robe              ||    13
Dodge: Dodged            ||    26
